 Dungeon Crawl Stone Soup version 0.29-a0-813-g4a14ea37d6 (webtiles) character file.

Game seed: 7365237805804884902

161 indigestion the Firebug (level 5, -2/35 HPs)
             Began as a Human Fire Elementalist on July 5, 2022.
             Slain by a hobgoblin (3 damage)
             ... on level 4 of the Dungeon.
             The game lasted 00:14:46 (3122 turns).

indigestion the Firebug (Human Fire Elementalist)   Turns: 3122, Time: 00:14:47

Health: -2/35      AC:  2    Str:  8    XL:     5   Next: 70%
Magic:  9/9        EV: 12    Int: 17    God:
Gold:   190        SH:  0    Dex: 20    Spells: 3/10 levels left

rFire   + . .      SeeInvis +   m - +9 dagger of the Lesser Evil {flame, rF+ rCorr SInv}
rCold   . . .      Faith    .   (no shield)
rNeg    . . .      Spirit   .   a - +0 robe
rPois   .          Reflect  .   (no helmet)
rElec   .          Harm     .   (no cloak)
rCorr   +          Rampage  .   (no gloves)
Will    .....                   (no boots)
Stlth   ++........              (no amulet)
HPRegen 0.11/turn               e - ring of wizardry
MPRegen 0.11/turn               l - +6 ring of dexterity

@: brilliant
A: no striking features
a: no special abilities


You were on level 4 of the Dungeon.
You visited 1 branch of the dungeon, and saw 4 of its levels.

You collected 190 gold pieces.

Inventory:

Hand Weapons
 m - the +9 dagger of the Lesser Evil (weapon) {flame, rF+ rCorr SInv}
   (You found it on level 3 of the Dungeon)

   It burns those it strikes, dealing additional fire damage.
   rF:        It protects you from fire.
   SInv:      It lets you see invisible.
   rCorr:     It protects you from acid and corrosion.
Armour
 a - a +0 robe (worn)
Magical Staves
 d - a staff of poison
 n - a staff of death
Jewellery
 e - a ring of wizardry (left hand)
 l - a +6 ring of dexterity (right hand)
Scrolls
 c - a scroll of enchant armour {unknown}
 f - a scroll of vulnerability {unknown}
 g - 2 scrolls of identify
 h - a scroll of teleportation {unknown}
 i - 2 scrolls of magic mapping
 k - a scroll of summoning {unknown}
 p - a scroll of blinking {unknown}
Potions
 b - 2 potions of magic
 j - a potion of mutation
 o - a potion of ambrosia {unknown}
 q - a potion of brilliance


   Skills:
 + Level 0.4 Short Blades
 - Level 2.0 Dodging
 - Level 2.0 Stealth
 - Level 3.2 Spellcasting
 - Level 3.0 Conjurations
 + Level 0.5 Hexes
 - Level 4.1 Fire Magic


You had 3 spell levels left.
You knew the following spells:

 Your Spells              Type           Power      Damage    Failure   Level
a - Foxfire               Conj/Fire      88%        2x1d8     1%          1
b - Conjure Flame         Conj/Fire      22%        6-21      4%          3
c - Inner Flame           Hex/Fire       15%        N/A       9%          3

Your spell library contained the following spells:

 Spells                   Type           Power      Damage    Failure   Level
 Scorch                   Fire           48%        2d7       1%          2
 Flame Wave               Conj/Fire      22%        2d7       16%         4
 Summon Ice Beast         Ice/Summ       4%         N/A       52%         4
 Summon Mana Viper        Hex/Summ       5%         N/A       83%         5
 Alistair's Intoxication  Tmut/Pois      2%         N/A       86%         5
 Borgnjor's Vile Clutch   Necr/Erth      2%         N/A       86%         5
 Eringya's Noxious Bog    Tmut/Pois      2%         N/A       100%        6
 Monstrous Menagerie      Summ           2%         N/A       100%        7


Dungeon Overview and Level Annotations

Branches:
Dungeon (4/15)
 Temple: D:4-7

Altars:

Shops:
D:1 (*:**


Message History

You kill the jackal!
No target in view!
Casting: Foxfire (safe; 1% risk of failure)
Confirm with . or Enter, or press ? or * to list all spells.
Okay, then.
There is a stone staircase leading up here.
You climb upwards.
There is a stone staircase leading down here.
You start resting.
HP restored.
You climb downwards.
There is a stone staircase leading up here.
You see here a jackal corpse.
q - 2 white potions You open the door.
A hobgoblin comes into view.
An orc and a dart slug come into view.
The orc shouts!
You hear a shout!
The hobgoblin hits you.
An orc priest comes into view. It is wielding a +0 short sword.
There is an open door here.
You barely miss the hobgoblin. The hobgoblin misses you.
You hit the hobgoblin. You burn the hobgoblin.
The hobgoblin is severely wounded.
The hobgoblin closely misses you. The hobgoblin attacks as you move away!
The hobgoblin barely misses you.
The orc priest calls down the wrath of Beogh upon you.
Beogh smites you!
You hear a shout!
The hobgoblin attacks as you move away! The hobgoblin hits you.
The hobgoblin attacks as you move away! The hobgoblin misses you.
The orc priest mumbles some strange prayers to Beogh against you.
Beogh smites you!
* * * LOW HITPOINT WARNING * * *
It was a potion of brilliance.
You feel clever all of a sudden. The hobgoblin hits you.
* * * LOW HITPOINT WARNING * * *
The hobgoblin attacks as you move away! The hobgoblin hits you.
You die...

..
.......##########...
.......#............
.......#...........
.......#.........#
.....w.#.........+
.......#.........#
.....o.#.........#
.......wo.g@.....#
.......#.....†...#
.......#......<†.####
########..............
#....††........
+..............
#..............
##########..... .....


You could see an orc priest, a dart slug, an orc and a hobgoblin.

Vanquished Creatures
  2 orc wizards (D:3)
  3 adders
  A worm (D:2)
  4 dart slugs
  3 orcs (D:3)
  7 ball pythons
  9 endoplasms
  4 goblins
  4 hobgoblins
  9 jackals
  3 bats
  4 frilled lizards
  7 kobolds
  9 rats
69 creatures vanquished.

Vanquished Creatures (others)
  145 foxfires
  6 plants (D:2)
  13 withered plants (D:2)
164 creatures vanquished.

Grand Total: 233 creatures vanquished

Notes
Turn   | Place    | Note
-------+----------+-------------------------------------------
     0 | D:1      | indigestion the Human Fire Elementalist began the quest for
                  | the Orb.
     0 | D:1      | Reached XP level 1. HP: 13/13 MP: 3/3
    53 | D:1      | Found Keini's Antique Weapon Shoppe.
   175 | D:1      | Found Vocsot's General Store.
   185 | D:1      | Reached XP level 2. HP: 16/19 MP: 0/5
   400 | D:1      | Found Gejel's General Store.
   427 | D:1      | Found Wapliomi's Assorted Antiques.
   538 | D:1      | Found Tophee's Book Shop.
   628 | D:1      | Reached XP level 3. HP: 22/24 MP: 1/6
  1342 | D:2      | Reached XP level 4. HP: 28/30 MP: 1/7
  1922 | D:2      | Found a faded altar of an unknown god.
  2181 | D:3      | Identified the +9 dagger of the Lesser Evil {flame, rF+
                  | rCorr SInv}
  2207 | D:3      | Learned a level 3 spell: Conjure Flame
  2211 | D:3      | Learned a level 3 spell: Inner Flame
  2376 | D:3      | Reached XP level 5. HP: 24/35 MP: 1/9
  2386 | D:3      | Reached skill level 4 in Fire Magic
  3121 | D:4      | HP: 1/35 [hobgoblin (1)]
  3122 | D:4      | Slain by a hobgoblin

Illustrated notes

Levels and vault maps discovered:
D:1:      dpeg_arrival_three_bigger_balls, layout_basic, serial_shops, shop,
          nicolae_shop_overgrown_old_shop, nicolae_shop_advertising_works
          [nicolae_subvault_shop_adworks], nicolae_shop_window_shopping,
          nicolae_lakefront_shop, serial_rivers, chequers_serial_rivers_small_a,
          chequers_serial_rivers_room_a, chequers_serial_rivers_micro_d,
          chequers_serial_rivers_room_a, chequers_serial_rivers_marsh,
          chequers_serial_rivers_small_3
D:2:      layout_rooms, shapermc_ecumenical_altar_flowoftime,
          minmay_misc_feat_pillars
D:3:      layout_basic, kennysheep_nondescript
D:4:      layout_gridville

Skill      XL: |  1  2  3  4  5 |
---------------+----------------+-----
Conjurations   | 2 3 |  3.0
Spellcasting   | 3 |  3.2
Fire Magic     | 4 |  4.1
Short Blades   | |  0.4
Dodging        | |  2.0
Stealth        | |  2.0
Hexes          | |  0.5

Action                   |  1- 3 |  4- 6 || total
-------------------------+-------+-------++-------
Melee: Staff             |    26 |     7 ||    33
       Punch             |     1 |       ||     1
       Dagger            |       |    15 ||    15
 Cast: Foxfire           |    39 |    44 ||    83
       Inner Flame       |       |     1 ||     1
  Use: Scroll            |       |     2 ||     2
       Potion            |       |     1 ||     1
 Stab: Sleeping          |       |     2 ||     2
Armor: Robe              |    11 |     5 ||    16
Dodge: Dodged            |    42 |    11 ||    53

Table legend: (Time is in decaauts)
 A = Elapsed time spent in this place.
 B = Non-inter-level travel time spent in this place.
 C = Inter-level travel time spent in this place.
 D = Time resting spent in this place.
 E = Time spent auto-exploring this place.
 F = Levels seen in this place.
 G = Mean time per level.
                   A        B        C        D        E       F      G
               +--------+--------+--------+--------+--------+-----+--------+
         Total |   3135 |   3054 |     81 |    452 |   2138 |   4 |  783.8 |
       Dungeon |   3135 |   3054 |     81 |    452 |   2138 |   4 |  783.8 |
               +--------+--------+--------+--------+--------+-----+--------+

Top non-repeatable levels by time:
     D:1: 1330 daAuts
     D:3: 1058 daAuts
     D:2: 715 daAuts
     D:4: 32 daAuts
